 Dungeon Crawl Stone Soup version 0.26-a0-1191-ge2a0e31ab3 (webtiles) character file.

Game seed: 10176832423374169001

124046 sanka the Ninja (level 16, -3/79 (85) HPs)
             Began as a Spriggan Enchanter on Dec 28, 2020.
             Was the Champion of Ru.
             Slain by a salamander
             ... wielding a +0 halberd of venom
              (11 damage)
             ... on level 3 of the Snake Pit.
             The game lasted 01:28:48 (38179 turns).

sanka the Ninja (Spriggan Enchanter)               Turns: 38179, Time: 01:28:49

HP:   -3/79 (85)    AC: 10    Str:  4    XL:     16   Next: 38%
MP:   15/31         EV: 37    Int: 18    God:    Ru [******]
Gold: 2060          SH:  0    Dex: 22    Spells: 19/35 levels left

rFire    . . .     SeeInvis +   a - +9 quick blade
rCold    + . .     Faith    .   (shield unavailable)
rNeg     . . .     Spirit   .   W - +3 troll leather armour {Snorg}
rPois    .         Reflect  .   n - +2 hat
rElec    +         Harm     .   G - +0 cloak
rCorr    .         Rampage  .   (gloves unavailable)
Will     ++...                  (boots unavailable)
Stlth    ++++++++++             z - amulet of the Air {Inacc +Fly rElec EV+5 RMsl}
HPRegen  0.63/turn              (ring unavailable)
MPRegen  0.22/turn              E - ring of protection from cold

@: lethally poisoned (-3 -> -4), exhausted, drained, repel missiles, very quick
A: very small, unfitting armour, see invisible, speed 3, missing a hand, no air
magic, no translocations magic, no transmutations magic, disrupted magic 1,
inexperienced 1
a: Renounce Religion, Evoke Flight, Draw Out Power, Power Leap, Apocalypse


You were on level 3 of the Snake Pit.
You worshipped Ru.
Ru was exalted by your worship.
You visited 5 branches of the dungeon, and saw 27 of its levels.
You also visited: Ice Cave.

You collected 3178 gold pieces.
You spent 1118 gold pieces at shops.


Innate Abilities, Weirdness & Mutations

You are very small and have problems with some larger weapons.
You are too small for most types of armour.
You have supernaturally acute eyesight. (SInv)
You cover ground extremely quickly.
You are missing a hand.
You cannot study or cast Air magic.
You cannot study or cast Translocations magic.
You cannot study or cast Transmutations magic.
Your casting is slightly disrupted.
You are somewhat inexperienced. (-2 XL)


   Skills:
 - Level 10.0 Fighting
 - Level 10.0 Short Blades
 - Level 16.4 Dodging
 O Level 27 Stealth
 - Level 10.0 Spellcasting
 - Level 13.5 Hexes
 + Level 5.3 Summonings


You had 19 spell levels left.
You knew the following spells:

 Your Spells              Type           Power        Failure   Level
c - Tukima's Dance        Hex            55%          1%          3
v - Summon Mana Viper     Hex/Summ       43%          13%         5
x - Confusing Touch       Hex            55%          1%          3
y - Dazzling Flash        Conj/Hex       66%          4%          3
z - Ensorcelled Hibernat  Hex/Ice        66%          2%          2

Your spell library contained the following spells:

 Spells                   Type           Power        Failure   Level
 Corona                   Hex            61%          1%          1
 Slow                     Hex            55%          1%          2
 Call Imp                 Summ           28%          4%          2
 Inner Flame              Hex/Fire       33%          4%          3
 Leda's Liquefaction      Hex/Erth       16%          13%         4
 Animate Skeleton         Necr           18%          21%         1
 Foxfire                  Conj/Fire      36%          21%         1
 Magic Dart               Conj           36%          21%         1
 Pain                     Necr           36%          21%         1
 Metabolic Englaciation   Hex/Ice        16%          32%         5
 Conjure Flame            Conj/Fire      9%           47%         3
 Vampiric Draining        Necr           4%           47%         3
 Animate Dead             Necr           4%           86%         4
 Sticky Flame             Conj/Fire      9%           86%         4
 Agony                    Necr           9%           99%         5
 Borgnjor's Vile Clutch   Necr/Erth      4%           99%         5
 Excruciating Wounds      Necr           4%           99%         5
 Fireball                 Conj/Fire      4%           99%         5
 Death Channel            Necr           4%           100%        6
 Simulacrum               Ice/Necr       4%           100%        6
 Blink                    Tloc           Unusable     N/A         2
 Mephitic Cloud           Conj/Pois/Air  Unusable     N/A         3
 Irradiate                Conj/Tmut      Unusable     N/A         5
 Hydra Form               Tmut           Unusable     N/A         6
 Statue Form              Tmut/Erth      Unusable     N/A         6
 Dragon Form              Tmut           Unusable     N/A         7

Inventory:

Hand Weapons
 a - a +9 quick blade (weapon)
 R - a +4 dagger of distortion
Missiles
 c - 138 poisoned darts (quivered)
Armour
 n - a +2 hat (worn)
 G - a +0 cloak (worn)
 W - a +3 troll leather armour (worn) {Snorg}
Jewellery
 f - an uncursed ring of protection from fire
 m - a +4 ring of protection
 q - an uncursed amulet of regeneration
 z - the amulet of the Air (around neck) {Inacc +Fly rElec EV+5 RMsl}

   [amulet of inaccuracy]

   It reduces the accuracy of all your attacks.
   It affects your evasion (+5).
   It insulates you from electricity.
   It lets you fly.
   It protects you from missiles.
 E - a ring of protection from cold (right hand)
 L - an uncursed ring of poison resistance
Wands
 j - a wand of flame (19)
 N - a wand of iceblast (25)
Scrolls
 g - 7 scrolls of remove curse
 i - 13 scrolls of teleportation {@r4}
 l - 4 scrolls of enchant weapon
 o - 4 scrolls of enchant armour
 t - 3 scrolls of amnesia
 v - 5 scrolls of fear
 w - 6 scrolls of fog
 y - 5 scrolls of blinking
 J - 7 scrolls of magic mapping
 K - a scroll of holy word
 T - a scroll of vulnerability {!r}
Potions
 d - 3 potions of brilliance
 e - 2 potions of resistance
 h - 8 potions of curing {@q1}
 k - 6 potions of flight
 r - 5 potions of heal wounds {@q2}
 s - 4 potions of magic
 u - a potion of cancellation {unknown}
 x - a potion of ambrosia
 C - a potion of berserk rage {unknown}
 D - 2 potions of might
 I - 4 potions of mutation {!q}
 S - a potion of invisibility {unknown}
Miscellaneous
 Q - a phantom mirror (inert)

Dungeon Overview and Level Annotations

Branches:
Dungeon (15/15)            Temple (1/1) D:7            Lair (6/6) D:11
  Swamp (0/4) Lair:3        Snake (2/4) Lair:4        Slime (0/5) Lair:5
    Orc (2/2) D:12            Elf (0/3) Orc:2        Vaults (0/5) D:14
 Depths (0/5) D:15          IceCv (visited)

Altars:
Ashenzari
Cheibriados
Dithmenos
Elyvilon
Fedhas
Gozag
Hepliaklqana
Kikubaaqudgha
Makhleb
Nemelex Xobeh
Okawaru
Qazlal
Ru
Sif Muna
Trog
Uskayaw
Vehumet
Wu Jian
Xom
Yredelemnul
Zin
The Shining One
Jiyva

Shops:
D:4 :   D:11 (   Orc:1 *   Orc:2 ?=[*

Annotations:
D:11 1 runed translucent door

▒. ..▒....▒ .▒ ▒...▒▒.▒
..▒ ▒▒▒ ..▒ ▒▒..▒▒.▒
...▒▒ ▒.▒ ..▒▒▒▒.▒▒...
...#▒. ▒.▒
▒....▒...▒... ......
▒.▒▒..▒ ........ ▒....▒
▒....▒ ........
▒...▒▒▒▒...▒ ....▒...
▒..)NNi▒..▒▒▒ ▒........
▒.))N▒▒▒▒▒..▒▒.....▒...
▒..).▒ ▒▒....▒▒..▒▒..
.......▒▒
▒....▒▒▒▒.▒▒..
▒...▒▒..▒ ▒..▒..▒
▒..▒▒. ▒.. ▒▒..
▒...▒▒..▒ ▒▒..... ..
▒▒.....▒ ▒▒.▒▒▒...... .
▒...▒ ▒..▒▒.▒▒▒▒▒
▒▒....▒▒▒..▒▒.▒▒▒▒.


You could see a naga warrior, a salamander (confused, slow) and a naga.


Message History

The salamander mystic is almost dead.
You hit the salamander mystic.
The salamander mystic is almost dead.
The salamander mystic hits you with a +0 quarterstaff.
* * * LOW HITPOINT WARNING * * *
You are engulfed in flames!
* * * LOW HITPOINT WARNING * * *
You focus your inner power and blind the salamander mystic in retribution!
You completely miss the salamander mystic.
The salamander mystic is almost dead.
You feel sick.
You catch the helpless salamander mystic completely off-guard!
You stick the salamander mystic like a pincushion!!!
You kill the salamander mystic!
Your hand begins to glow red.
The naga warrior shouts!
You feel sick. The salamander misses you.
Things that are here:
a +0 quarterstaff; a +0 robe You hit the salamander but do no damage.
The salamander is severely wounded.
You feel sick.
You hit the salamander but do no damage.
The salamander appears confused.
The salamander is severely wounded.
The salamander hits you with a +0 halberd of venom!
* * * LOW HITPOINT WARNING * * *
You are engulfed in flames!
You die...

Action                   |  1- 3 |  4- 6 |  7- 9 | 10-12 | 13-15 | 16-18 || total
-------------------------+-------+-------+-------+-------+-------+-------++-------
Melee: Dagger            |    88 |   158 |   307 |   479 |   972 |       ||  2004
       Quick blade       |       |       |       |       |   102 |   424 ||   526
       Rapier            |       |       |       |       |    26 |       ||    26
Throw: Dart              |     2 |     3 |       |       |       |       ||     5
 Cast: Corona            |     4 |       |       |       |       |       ||     4
       Ensorcelled Hiber |    15 |    52 |   178 |   166 |   404 |    20 ||   835
       Confusing Touch   |       |     6 |    22 |    21 |    58 |    17 ||   124
       Tukima's Dance    |       |       |     2 |       |       |       ||     2
       Dazzling Flash    |       |       |       |    20 |    13 |       ||    33
Invok: Sacrifice Experie |       |       |     1 |       |       |       ||     1
       Sacrifice a Hand  |       |       |     1 |       |       |       ||     1
       Sacrifice Arcana  |       |       |       |     1 |       |       ||     1
       Sacrifice Essence |       |       |       |     1 |       |       ||     1
       Apocalypse        |       |       |       |       |     3 |     2 ||     5
Evoke: Wand              |       |       |       |     2 |    17 |       ||    19
       Phantom mirror    |       |       |       |       |       |     1 ||     1
  Use: Scroll            |     3 |       |     6 |    13 |     7 |     5 ||    34
       Potion            |       |       |       |     1 |       |     2 ||     3
 Stab: Sleeping          |    16 |    40 |   110 |   108 |   278 |    25 ||   577
       Confused          |       |     3 |    25 |    24 |    60 |    15 ||   127
       Distracted        |       |       |     2 |     4 |    21 |     3 ||    30
       Invisible         |       |       |     1 |    24 |    41 |     1 ||    67
       Paralysed         |       |       |     1 |       |     7 |     8 ||    16
       Petrified         |       |       |       |     1 |       |       ||     1
Armor: Robe              |    16 |     8 |     9 |    16 |    40 |       ||    89
       Troll leather arm |       |       |       |       |    10 |    10 ||    20
Dodge: Dodged            |    89 |   138 |   182 |   368 |   929 |   134 ||  1840
       Repelled          |       |       |       |       |     2 |     4 ||     6

Levels and vault maps discovered:
D:1:      erik_arrival_cave_to_civilisation [erik_arrival_cave_to_temple],
          layout_rooms
D:2:      cheibrodos_greedy_goblins, layout_loops_cross
D:3:      layout_basic
D:4:      layout_cave_pools, serial_shops, nicolae_shop_crystal, uniq_edmund,
          uniq_duvessa
D:5:      layout_basic, old_standard_altar
D:6:      layout_gridville, cheibrodos_ashenzari_chains
D:7:      layout_basic, yredelemnul_altar_generic, temple_doors_ab,
          chequers_serial_rivers_room_b
D:8:      layout_basic, uniq_maurice
D:9:      layout_irregular_city, grunt_temple_overflow_octagram
D:10:     layout_stronghold, makhleb_altar_promises_db
D:11:     layout_cave_pools, david_lair_generic, serial_shops,
          nicolae_shop_behind_doors, lemuel_angel_altar
D:12:     layout_loops_ring, erik_orc_3, uniq_psyche, uniq_rupert
D:13:     layout_irregular_city, ebering_ghost_inner_flame, basic_altar
D:14:     layout_layer_cave, grunt_vaults_entry_tiered,
          chequers_serial_rivers_micro_d, uniq_agnes, uniq_snorg
D:15:     gammafunk_depths_entry_grave, layout_basic
Temple:   dshaligram_water_room_temple
Lair:1:   layout_cellular_growth, grunt_megastairs_1, serial_bayou_shore_a
Lair:2:   layout_small_grid, grunt_megastairs_5, infiniplex_staircase_pool_2
Lair:3:   layout_concentric_octagons, minmay_swamp_entry_swarm,
          ebering_ghost_reflecting_pool
Lair:4:   layout_loops_ring, dummy_snake_entry, infiniplex_staircase_pool
Lair:5:   layout_misc_corridors, slime_altar_1, special_room
          [special_room_mythical_zoo], chequers_serial_rivers_small_b,
          wad_woods_02
Lair:6:   minmay_lair_end_frog_pond, layout_regular_city
Snake:1:  skrybe_snakes_to_sticks, layout_basic
Snake:2:  layout_cave_pods
Snake:3:  layout_layer_cave, portal_ice_cave_entry_pillars_1
Orc:1:    layout_caves, serial_shops, nicolae_shop_crystal
Orc:2:    st_orc_mages, layout_caves

Notes
Turn   | Place    | Note
-------+----------+-------------------------------------------
     0 | D:1      | sanka the Spriggan Enchanter began the quest for the Orb.
     0 | D:1      | Reached XP level 1. HP: 9/9 MP: 5/5
   151 | D:1      | Reached skill level 5 in Stealth
   419 | D:1      | Reached XP level 2. HP: 13/13 MP: 6/6
   422 | D:1      | Learned a level 2 spell: Ensorcelled Hibernation
   694 | D:1      | Reached skill level 6 in Stealth
  1211 | D:2      | Reached skill level 7 in Stealth
  1211 | D:2      | Reached XP level 3. HP: 16/16 MP: 5/8
  1585 | D:2      | Reached XP level 4. HP: 18/21 MP: 4/9
  1817 | D:2      | Reached skill level 8 in Stealth
  1862 | D:2      | HP: 1/21 [goblin/+0 club (5)]
  2508 | D:3      | Reached skill level 2 in Short Blades
  2958 | D:3      | Reached XP level 5. HP: 24/24 MP: 10/10
  2988 | D:4      | Reached skill level 3 in Short Blades
  3056 | D:4      | Found Gagoerch's Book Shoppe.
  3095 | D:4      | Learned a level 3 spell: Confusing Touch
  3529 | D:3      | Reached skill level 4 in Short Blades
  3865 | D:4      | Reached XP level 6. HP: 28/28 MP: 11/11
  3873 | D:4      | Reached skill level 5 in Short Blades
  3873 | D:4      | Reached skill level 3 in Spellcasting
  3978 | D:4      | Reached skill level 4 in Hexes
  4073 | D:4      | Noticed Duvessa
  4076 | D:4      | Noticed Dowan
  4105 | D:3      | Learned a level 3 spell: Tukima's Dance
  4109 | D:3      | Learned a level 3 spell: Dazzling Flash
  4117 | D:4      | Noticed Edmund
  4136 | D:4      | Killed Edmund
  4137 | D:4      | Reached skill level 5 in Hexes
  4350 | D:4      | Killed Dowan
  4351 | D:4      | Reached XP level 7. HP: 7/32 MP: 5/12
  4687 | D:4      | Killed Duvessa
  4688 | D:4      | Reached skill level 6 in Hexes
  4805 | D:4      | Reached skill level 7 in Hexes
  4872 | D:5      | Entered Level 5 of the Dungeon
  5238 | D:5      | Reached skill level 8 in Hexes
  5778 | D:5      | Found a blossoming altar of Fedhas.
  5794 | D:5      | Reached skill level 9 in Hexes
  5794 | D:5      | Reached XP level 8. HP: 19/36 MP: 5/13
  6350 | D:6      | Reached skill level 1 in Fighting
  6422 | D:6      | Reached skill level 4 in Dodging
  6442 | D:6      | Found a broken altar of Ashenzari.
  6721 | D:6      | Reached skill level 2 in Fighting
  6721 | D:6      | Reached skill level 5 in Dodging
  6994 | D:7      | Found a basalt altar of Yredelemnul.
  7048 | D:7      | Reached skill level 6 in Dodging
  7056 | D:7      | Reached skill level 3 in Fighting
  7153 | D:7      | Reached skill level 7 in Dodging
  7236 | D:7      | Found a staircase to the Ecumenical Temple.
  7259 | Temple   | Entered the Ecumenical Temple
  7406 | Temple   | Became a worshipper of Ru the Awakened
  7486 | D:7      | Reached skill level 8 in Dodging
  8039 | D:7      | Reached skill level 9 in Stealth
  8050 | D:7      | Reached XP level 9. HP: 44/44 MP: 2/14
  8283 | D:7      | Reached skill level 10 in Stealth
  8854 | D:8      | Reached skill level 11 in Stealth
  9219 | D:8      | Reached skill level 12 in Stealth
  9360 | D:8      | Reached skill level 6 in Short Blades
  9540 | D:8      | Reached skill level 7 in Short Blades
  9760 | D:8      | Reached skill level 8 in Short Blades
 10305 | D:8      | Gained mutation: You are missing a hand. [Ru sacrifice]
 10305 | D:8      | Reached * piety under Ru
 10305 | D:8      | Reached ** piety under Ru
 10305 | D:8      | Reached *** piety under Ru
 10455 | D:8      | Noticed Maurice
 10718 | D:8      | Killed Maurice
 10719 | D:8      | Reached XP level 10. HP: 49/49 MP: 13/16
 11362 | D:9      | Reached skill level 4 in Spellcasting
 11711 | D:9      | Found a broken altar of Ashenzari.
 11718 | D:9      | Found a glowing golden altar of the Shining One.
 11725 | D:9      | Found a shimmering blue altar of Sif Muna.
 11732 | D:9      | Found a radiant altar of Vehumet.
 11739 | D:9      | Found a bloodstained altar of Trog.
 11746 | D:9      | Found a snail-covered altar of Cheibriados.
 11751 | D:9      | Found an ornate altar of the Wu Jian Council.
 11962 | D:9      | Reached skill level 9 in Dodging
 12234 | D:10     | Entered Level 10 of the Dungeon
 12433 | D:10     | Reached skill level 4 in Fighting
 12445 | D:10     | Reached skill level 5 in Spellcasting
 12842 | D:10     | Noticed an unseen horror
 12853 | D:10     | Killed an unseen horror
 12854 | D:10     | Reached skill level 10 in Hexes
 12859 | D:10     | Reached skill level 10 in Dodging
 13029 | D:10     | Reached skill level 6 in Spellcasting
 13251 | D:10     | Gained mutation: You are somewhat inexperienced. (-2 XL)
                  | [Ru sacrifice]
 13251 | D:10     | Reached XP level 9. HP: 46/46 MP: 19/19
 13251 | D:10     | Reached XP level 8. HP: 42/42 MP: 18/18
 13251 | D:10     | Reached **** piety under Ru
 13251 | D:10     | Reached ***** piety under Ru
 13299 | D:10     | Reached skill level 5 in Fighting
 13406 | D:10     | Found a burning altar of Makhleb.
 13406 | D:10     | Noticed a cacodemon
 13579 | D:11     | Noticed a gargoyle
 13579 | D:11     | Noticed a manticore
 13582 | D:11     | Reached XP level 9. HP: 47/47 MP: 12/19
 13602 | D:11     | Killed a gargoyle
 13606 | D:11     | Reached skill level 11 in Dodging
 13611 | D:11     | Killed a manticore
 13783 | D:11     | Found a staircase to the Lair.
 13783 | D:11     | Noticed an elephant
 13812 | D:11     | Killed an elephant
 13889 | D:11     | Noticed a cyan ugly thing
 14201 | D:11     | Noticed a cyclops
 14210 | D:11     | Killed a cyclops
 14211 | D:11     | Reached skill level 6 in Fighting
 14211 | D:11     | Reached skill level 12 in Dodging
 14211 | D:11     | Reached XP level 10. HP: 53/53 MP: 15/20
 14250 | D:11     | Found Leihusor's Weapon Emporium.
 14371 | D:11     | Found a glowing golden altar of the Shining One.
 14371 | D:11     | Noticed an angel
 14380 | D:11     | Found a runed translucent door.
 14402 | D:11     | Noticed a cyclops
 14410 | D:11     | Killed a cyclops
 14422 | D:11     | Killed a cyan ugly thing
 14718 | Lair:1   | Entered Level 1 of the Lair of Beasts
 15354 | Lair:1   | Reached skill level 13 in Stealth
 15371 | Lair:1   | Reached skill level 9 in Short Blades
 15387 | Lair:1   | Reached XP level 11. HP: 35/58 MP: 1/21
 15721 | Lair:1   | Noticed a seven-headed hydra
 15735 | Lair:1   | Killed a seven-headed hydra
 15806 | Lair:1   | Gained mutation: You cannot study or cast Air magic. [Ru
                  | sacrifice]
 15806 | Lair:1   | Gained mutation: You cannot study or cast Transmutations
                  | magic. [Ru sacrifice]
 15806 | Lair:1   | Gained mutation: You cannot study or cast Translocations
                  | magic. [Ru sacrifice]
 15815 | Lair:1   | Reached skill level 13 in Dodging
 16437 | Lair:2   | Reached skill level 7 in Fighting
 16674 | Lair:2   | Noticed a boulder beetle
 16683 | Lair:2   | Killed a boulder beetle
 16773 | Lair:2   | Noticed a five-headed hydra
 16794 | Lair:2   | Killed a five-headed hydra
 16795 | Lair:2   | Reached skill level 14 in Stealth
 16834 | Lair:2   | Reached skill level 10 in Short Blades
 17703 | Lair:3   | Found a staircase to the Swamp.
 17911 | Lair:3   | Found a runed translucent door.
 18029 | Lair:3   | Noticed Aviak's ghost (journeyman GnIE)
 18054 | Lair:3   | Reached skill level 14 in Dodging
 18171 | Lair:3   | Noticed a seven-headed hydra
 18174 | Lair:3   | Noticed a six-headed hydra
 18177 | Lair:3   | Killed a seven-headed hydra
 18178 | Lair:3   | Reached XP level 12. HP: 64/64 MP: 19/22
 18183 | Lair:3   | Gained mutation: Your casting is slightly disrupted. [Ru
                  | sacrifice]
 18183 | Lair:3   | Reached ****** piety under Ru
 18188 | Lair:3   | Killed a six-headed hydra
 18292 | Lair:3   | Reached skill level 8 in Fighting
 18292 | Lair:3   | Reached skill level 15 in Stealth
 18389 | Lair:3   | Noticed a seven-headed hydra
 18394 | Lair:3   | Killed a seven-headed hydra
 18634 | Lair:3   | Noticed a four-headed hydra
 18668 | Lair:3   | Killed a four-headed hydra
 19039 | Lair:3   | Killed Aviak's ghost
 19040 | Lair:3   | Reached skill level 15 in Dodging
 19095 | Lair:3   | Identified a scroll of acquirement
 19210 | Lair:4   | Reached skill level 9 in Fighting
 19359 | Lair:4   | Found a staircase to the Snake Pit.
 19392 | Lair:4   | Noticed a death yak
 19572 | Lair:4   | Killed a death yak
 19706 | Lair:4   | Reached skill level 10 in Fighting
 19866 | Lair:4   | Noticed a five-headed hydra
 19884 | Lair:4   | Killed a five-headed hydra
 20621 | D:12     | Reached skill level 7 in Spellcasting
 20621 | D:12     | Reached XP level 13. HP: 72/72 MP: 24/24
 20876 | D:12     | Found a staircase to the Orcish Mines.
 21161 | Orc:1    | Entered Level 1 of the Orcish Mines
 21184 | Orc:1    | Noticed an ettin
 21229 | D:12     | Killed an ettin
 21230 | D:12     | Reached skill level 11 in Hexes
 21340 | D:12     | Reached skill level 8 in Spellcasting
 21556 | D:12     | Noticed Rupert
 21575 | D:12     | Killed Rupert
 21652 | Orc:1    | Reached skill level 9 in Spellcasting
 21821 | Orc:2    | Entered Level 2 of the Orcish Mines
 21828 | Orc:2    | Found a staircase to the Elven Halls.
 22362 | Orc:2    | Reached skill level 12 in Hexes
 22987 | Orc:2    | Found Giopawk's Jewellery Shop.
 22987 | Orc:2    | Found Bizus's General Store.
 23001 | Orc:2    | Found Kufudife's Magic Scroll Shop.
 23001 | Orc:2    | Found Ehaehi's Armour Boutique.
 23131 | Orc:2    | Reached skill level 10 in Spellcasting
 24074 | Orc:1    | Found Keashra's General Store.
 24249 | Orc:1    | Bought the amulet of the Air {Inacc +Fly rElec EV+5 RMsl}
                  | for 523 gold pieces
 24249 | Orc:1    | Found the amulet of the Air {Inacc +Fly rElec EV+5 RMsl}
 24260 | Orc:1    | Bought a potion of heal wounds for 55 gold pieces
 24308 | Orc:2    | Bought a +4 ring of protection for 540 gold pieces
 24310 | Orc:2    | Acquired a manual of Stealth
 24472 | Lair:5   | Found a viscous altar of Jiyva.
 24472 | Lair:5   | Found a staircase to the Slime Pits.
 24501 | Lair:5   | Reached skill level 13 in Hexes
 24760 | Lair:5   | Reached skill level 16 in Stealth
 24844 | Lair:5   | Reached skill level 18 in Stealth
 24844 | Lair:5   | Reached XP level 14. HP: 69/77 MP: 20/29
 25050 | Lair:5   | Reached skill level 19 in Stealth
 25936 | Lair:6   | Entered Level 6 of the Lair of Beasts
 26088 | Lair:6   | Reached skill level 20 in Stealth
 26989 | Lair:6   | Reached skill level 21 in Stealth
 27272 | Lair:6   | Reached skill level 22 in Stealth
 28184 | Lair:6   | Identified the Grimoire of Black Arts and Malediction
 29524 | D:12     | Noticed Psyche
 29526 | D:12     | Killed Psyche
 29614 | D:12     | Reached skill level 23 in Stealth
 30344 | D:13     | Found a shimmering altar of Xom.
 30542 | D:13     | Found a runed translucent door.
 30543 | D:13     | Noticed Waut's ghost (journeyman TeGl)
 30790 | D:13     | Killed Waut's ghost
 30845 | D:13     | Found the +6 shillelagh "Devastator" {shatter}
 30909 | D:14     | Reached skill level 24 in Stealth
 31381 | D:14     | Reached XP level 15. HP: 66/80 MP: 22/30
 31629 | D:14     | Noticed Agnes
 31654 | D:14     | Killed Agnes
 31690 | D:14     | Noticed Snorg
 31703 | D:14     | Killed Snorg
 32328 | D:14     | Got a polished rapier
 32329 | D:14     | Identified the +6 rapier "Fahus" {vorpal, +Blink +Rage
                  | +Inv} (You found it on level 14 of the Dungeon)
 32347 | D:14     | Reached skill level 25 in Stealth
 32403 | D:14     | Found a gate to the Vaults.
 33077 | D:15     | Entered Level 15 of the Dungeon
 33275 | D:15     | Reached skill level 26 in Stealth
 34026 | D:15     | Found a staircase to the Depths.
 34261 | D:15     | Acquired a +6 quick blade
 34533 | D:15     | Reached skill level 27 in Stealth
 35366 | Snake:1  | Entered Level 1 of the Snake Pit
 35706 | Snake:1  | Reached skill level 16 in Dodging
 35745 | Snake:1  | Found a shimmering altar of Xom.
 35826 | Snake:1  | Reached XP level 16. HP: 85/85 MP: 31/31
 36253 | Snake:1  | Learned a level 5 spell: Summon Mana Viper
 36600 | Snake:2  | Reached skill level 1 in Summonings
 36723 | Snake:2  | Identified 2 potions of resistance
 36815 | Snake:3  | Found a frozen archway.
 36834 | IceCv    | Entered an ice cave
 37287 | IceCv    | Reached skill level 2 in Summonings
 37665 | IceCv    | Noticed an Ice Fiend
 37745 | IceCv    | Reached skill level 3 in Summonings
 37751 | IceCv    | Noticed an Ice Fiend
 37766 | IceCv    | Killed an Ice Fiend
 37781 | IceCv    | Killed an Ice Fiend
 37782 | IceCv    | Reached skill level 4 in Summonings
 37866 | IceCv    | Got a translucent scimitar
 37867 | IceCv    | Identified the +3 scimitar of Iparch {vorpal, rElec rPois
                  | rC+ Int-4} (You found it in an ice cave)
 38154 | Snake:3  | Reached skill level 5 in Summonings
 38179 | Snake:3  | Slain by a salamander

Vanquished Creatures
  An Ice Fiend (IceCv)
  Rupert (D:12)
  Agnes (D:14)
  Snorg (D:14)
  The ghost of Aviak the Frost Mage, a journeyman GnIE of Gozag (Lair:3)
  An ettin (D:12)
  3 vault guards (D:14)
  7 naga warriors
  The ghost of Waut the Nimble, a journeyman TeGl of Uskayaw (D:13)
  12 hydras
  3 centaur warriors
  4 boulder beetles
  3 two-headed ogres
  An anaconda (Snake:1)
  A death yak (Lair:4)
  A vampire mage (D:15)
  A naga sharpshooter (Snake:1)
  An orc high priest (Orc:2)
  2 skeletal warriors
  A salamander mystic (Snake:3)
  An unseen horror (D:10)
  2 naga ritualists
  4 wizards (D:14)
  2 orc knights
  3 necromancers
  4 orc sorcerers (Orc:2)
  4 cyclopes
  A stone giant zombie (D:15)
  21 ugly things
  2 deep elf magi
  3 salamanders (Snake:1)
  A mana viper (Snake:1)
  10 elephants
  7 manticores
  Maurice (D:8)
  12 black mambas
  2 guardian serpents
  2 ice statues (IceCv)
  Psyche (D:12)
  20 cane toads
  4 naga magi
  A torpor snail (Lair:4)
  5 gargoyles
  A freezing wraith (D:15)
  6 rime drakes (Lair:5)
  An efreet (D:14)
  13 ice devils (IceCv)
  10 komodo dragons
  A guardian mummy (D:15)
  8 trolls
  3 tyrant leeches (Lair:6)
  A hornet (shapeshifter) (D:13)
  A hornet (D:10)
  A deep troll zombie (D:15)
  An ice dragon zombie (D:15)
  28 blink frogs
  4 dream sheep (Lair:6)
  14 slime creatures
  A centaur simulacrum (D:15)
  4 water elementals
  2 spriggans (Lair:5)
  9 wyverns
  A wraith (D:11)
  A vampire (D:9)
  An ice dragon skeleton (D:15)
  44 yaks
  17 humans (D:14)
  14 basilisks
  A steam dragon (D:13)
  11 vampire mosquitoes
  Edmund (D:4)
  15 nagas
  A soldier ant (D:12)
  3 wargs
  Duvessa (D:4)
  13 water moccasins
  A hell hound (Lair:5)
  2 black bears
  32 orc warriors
  3 sky beasts
  A hornet zombie (D:15)
  2 necrophages (D:8)
  3 phantoms
  3 ice beasts
  12 ogres
  13 wolves
  7 centaurs
  A big kobold (D:8)
  39 bullfrogs
  Dowan (D:4)
  2 wyvern skeletons (D:13)
  2 scorpions
  A water moccasin skeleton (D:10)
  6 killer bees
  11 wights
  7 electric eels
  4 howler monkeys
  5 centaur zombies
  2 bullfrog zombies (D:10)
  10 hounds
  2 quasits
  5 jellies
  52 orc wizards
  30 orc priests
  A bullfrog skeleton (D:13)
  7 centaur skeletons
  7 iguanas
  9 hell rats
  11 worker ants
  2 hound zombies
  A hound skeleton (D:5)
  A worker ant zombie (D:7)
  9 adders
  2 shadow imps
  7 white imps
  6 ufetubi
  An ooze (D:3)
  An adder zombie (D:8)
  2 worms (D:5)
  6 leopard geckos
  114 orcs
  6 bats
  5 giant cockroaches
  14 goblins
  9 hobgoblins
  8 jackals
  6 quokkas
  A ball python skeleton (D:4)
  8 frilled lizards
  13 kobolds
  3 leopard gecko skeletons
  5 rats
917 creatures vanquished.

Vanquished Creatures (others)
  An Ice Fiend (IceCv)
  A cane toad (Lair:6)
  A spriggan (Lair:5)
  An orc wizard (Orc:2)
  2 white imps (IceCv)
  6 ufetubi (IceCv)
  An orc (D:9)
  61 fungi
  124 plants
  2 withered plants (D:15)
200 creatures vanquished.

Grand Total: 1117 creatures vanquished
